 Dungeon Crawl Stone Soup version 0.31-a0-188-g5e087ee2ca (webtiles) character file.

Game seed: 8629102890651418265

115 qw the Skirmisher (level 4, 0/25 HPs)
             Began as a Deep Elf Hunter on June 23, 2023.
             Slain by an orc
             ... wielding a +0 flail
              (9 damage)
             ... on level 3 of the Dungeon.
             The game lasted 00:00:44 (1553 turns).

qw the Skirmisher (Deep Elf Hunter)                 Turns: 1553, Time: 00:00:44

Health: 0/25       AC:  1    Str: 10    XL:     4   Next: 68%
Magic:  6/6        EV: 13    Int: 14    God:
Gold:   70         SH:  0    Dex: 18    Spells: 3/3 levels left

rFire   . . .        Y - +1 shortbow
rCold   . . .        (shield currently unavailable)
rNeg    . . .        (no body armour)
rPois   .            f - +0 helmet
rElec   .            (no cloak)
rCorr   .            (no gloves)
SInv    .            (no boots)
Will    .....        (no amulet)
Stlth   ++           (no ring)
HPRegen 0.24/turn    (no ring)
MPRegen 0.10/turn

%: no passive effects
@: no status effects
A: no striking features
a: no special abilities


You were on level 3 of the Dungeon.
You visited 1 branch of the dungeon, and saw 3 of its levels.

You collected 70 gold pieces.


   Skills:
 - Level 1.5 Fighting
 - Level 8.0 Ranged Weapons
 + Level 2.6 Dodging
 - Level 1.2 Stealth


You had 3 spell levels left.
You didn't know any spells.
Your spell library was empty.

Inventory:

Hand Weapons
 Y - a +1 shortbow (weapon)
Armour
 c - a +0 leather armour
 d - a +0 ring mail
 f - a +0 helmet (worn)
Potions
 a - a potion of cancellation {unknown}
 b - a potion of might {unknown}
 e - a potion of curing {unknown}
 g - a potion of berserk rage {unknown}
 i - a potion of resistance {unknown}
 k - a potion of brilliance {unknown}

Dungeon Overview and Level Annotations

Branches:
Dungeon (3/15)

Altars:

Shops:
D:1 [


Message History

The ball python bites you. The ball python grabs you.
The ball python constricts you.
You finish taking off your +0 leather armour.
You shoot an arrow. The orc shouts!
The arrow hits the ball python.
The ball python is severely wounded.
You hear an angry hiss.
The ball python bites you. The ball python constricts you.
An orc priest comes into view. It is wielding a +0 hand axe.
An orc comes into view. It is wielding a +0 trident.
The ball python bites you. The ball python constricts you.
You shoot an arrow. The arrow hits the ball python.
You kill the ball python!
You shoot an arrow. The arrow hits the orc.
The orc is moderately wounded.
An orc comes into view. It is wielding a +0 short sword.
A frilled lizard comes into view.
The orc hits you with a +0 hand axe.
You shoot an arrow. The arrow hits the orc!
You kill the orc!
You shoot an arrow. The arrow hits the orc.
The orc is moderately wounded.
A giant cockroach comes into view.
The orc closely misses you.
You shoot an arrow. The arrow barely misses the orc.
An orc comes into view. It is wielding a +0 trident.
The orc hits you with a +0 dagger.
You shoot an arrow. The arrow hits the orc.
You kill the orc!
You shoot an arrow. The arrow hits the kobold!
You kill the kobold!
You shoot an arrow. The arrow closely misses the orc.
The orc hits you with a +0 flail!
You shoot an arrow. The arrow barely misses the orc.
The orc barely misses you.
You shoot an arrow. The arrow hits the orc.
The orc is heavily wounded.
The orc hits you with a +0 flail!
You die...

##...###. ..
....oo.......
...##.##........#
#..##oo.##.......#
#..#.###.#.......#
#..#oo}..#......#
#..#o###.#......##
.. ##@..##.......#
#..l##)##........#
#.........%.<....#
###...#..........#
#......<..>.>..#
....###........##
..##. ##......##
#.# #. ######## ##
#.


You could see an orc priest, 6 orcs and a frilled lizard.

Vanquished Creatures
  Jessica (D:2)
  An adder (D:2)
  3 worms (D:2)
  3 dart slugs
  4 orcs (D:3)
  4 endoplasms
  3 giant cockroaches
  5 goblins
  6 hobgoblins
  4 jackals (D:1)
  3 quokkas
  6 ball pythons
  2 bats
  5 frilled lizards
  6 kobolds
  5 rats
61 creatures vanquished.

Notes
Turn   | Place    | Note
-------+----------+-------------------------------------------
     0 | D:1      | qw the Deep Elf Hunter began the quest for the Orb.
     0 | D:1      | Reached XP level 1. HP: 12/12 MP: 3/3
     0 | D:1      | 0 ||| qw: Version: 0.3-a-9-g12657ce
     0 | D:1      | 0 ||| qw: Game counter: 4182
     0 | D:1      | 0 ||| qw: Always use a shield: true
     0 | D:1      | 0 ||| qw: God list: Okawaru
     0 | D:1      | 0 ||| qw: Allow faded altars: false
     0 | D:1      | 0 ||| qw: Do Orc after D:15 true
     0 | D:1      | 0 ||| qw: Do second Lair branch before Depths: true
     0 | D:1      | 0 ||| qw: Lair rune preference: random
     0 | D:1      | 0 ||| qw: Plans: Normal
     0 | D:1      | 0 ||| PLANNING D:1-11
   118 | D:1      | Reached XP level 2. HP: 7/16 MP: 4/4
   125 | D:1      | Reached skill level 6 in Ranged Weapons
   290 | D:1      | Found Jeur Fub's Armour Shop.
   295 | D:1      | 295 ||| SHOPLISTING +0 scale mail (48 gold, have 39).
   295 | D:1      | 295 ||| SHOPLISTING +3 ring mail of cold resistance (312
                  | gold, have 39).
   295 | D:1      | 295 ||| SHOPLISTING +4 troll leather armour of Makhleb's
                  | Castigation {Drain rPois Regen+ Int+3 SInv} (613 gold, have
                  | 39).
   424 | D:1      | 424 ||| FLEEEEING.
   843 | D:1      | Reached XP level 3. HP: 20/20 MP: 5/5
   853 | D:1      | 853 ||| READING scroll labelled DASSUOHESE.
   854 | D:1      | 854 ||| READING scroll labelled DURODIFUFI.
   855 | D:1      | 855 ||| READING scroll labelled CINAURISKE.
   856 | D:1      | 856 ||| DRINKING 2 grey potions.
   857 | D:1      | 857 ||| DROPPING scroll of butterflies.
   954 | D:2      | Noticed Jessica
   962 | D:2      | Killed Jessica
   963 | D:2      | Reached skill level 7 in Ranged Weapons
   964 | D:2      | HP: 4/20 [poisoned by an adder]
   965 | D:2      | 965 ||| DRINKING potion of heal wounds.
   967 | D:2      | Reached XP level 4. HP: 22/25 MP: 6/6
  1425 | D:2      | 1425 ||| UPGRADING to +0 helmet.
  1430 | D:2      | 1430 ||| READING scroll labelled ZOH APOKKALOE.
  1433 | D:2      | 1433 ||| READING scroll labelled FEJUMUCOUT.
  1434 | D:2      | 1434 ||| READING scroll labelled IRESIPTEUV.
  1452 | D:3      | 1452 ||| FLEEEEING.
  1453 | D:3      | 1453 ||| STAIRDANCE
  1492 | D:3      | 1492 ||| STAIRDANCE
  1504 | D:3      | 1504 ||| STAIRDANCE
  1516 | D:3      | Reached skill level 8 in Ranged Weapons
  1534 | D:3      | 1534 ||| UPGRADING to +0 ring mail.
  1535 | D:3      | 1535 ||| UPGRADING to +0 ring mail.
  1537 | D:3      | 1537 ||| UPGRADING to +0 ring mail.
  1538 | D:3      | 1538 ||| UPGRADING to +0 ring mail.
  1553 | D:3      | Slain by an orc

Levels and vault maps discovered:
D:1:      eino_arrival_tree_alley, layout_basic, serial_shops,
          nicolae_shop_crystal, interstate_on_off, nrook_uturn,
          grunt_decor_resistance, nicolae_kite_square_tiling_tiny
D:2:      layout_basic, st_stairs_12, minivault_25, kennysheep_generic_room_15,
          uniq_jessica
D:3:      layout_rooms, grunt_ministairs_11, chequers_serial_rivers_small_3,
          nrook_mini_backslash, mrwooster_statue_mirror, minmay_checkerbox

Skill      XL: |  1  2  3  4 |
---------------+-------------+-----
Ranged Weapons | 6 7 8 |  8.0
Fighting       | |  1.5
Dodging        | |  2.6
Stealth        | |  1.2

Action                     |  1- 3 |  4- 6 || total
---------------------------+-------+-------++-------
   Fire: Shortbow          |    79 |    74 ||   153
    Use: Scroll            |     3 |     3 ||     6
         Potion            |     2 |       ||     2
 Armour: Leather armour    |    17 |     9 ||    26
  Dodge: Dodged            |    38 |    12 ||    50

Table legend:
 A = Non-vault XP
 B = Vault XP
 C = Vault XP percentage of total XP
 D = Non-vault monster count
 E = Vault monster count
 F = Vault count percentage of total count
                 A         B        C        D         E       F
            +---------+---------+-------+---------+---------+-------
      Total |     105 |      60 |  36.4 |      54 |       7 |  11.5
            +---------+---------+-------+---------+---------+-------
        D:1 |      41 |       0 |   0.0 |      24 |       0 |   0.0
        D:2 |      46 |      52 |  53.1 |      23 |       3 |  11.5
        D:3 |      18 |       8 |  30.8 |       7 |       4 |  36.4
            +---------+---------+-------+---------+---------+-------
